 Dungeon Crawl Stone Soup version 0.30-a0-166-g5d06c95188 (webtiles) character file.

Game seed: 3531756659914191048

1596 bughunter42 the Cleaver (level 8, 0/64 HPs)
             Began as a Minotaur Berserker on Sept 14, 2022.
             Was a Priest of Trog.
             Slain by a gnoll sergeant
             ... wielding a +5 spear of venom
              (3 damage)
             ... on level 6 of the Dungeon on Sept 29, 2022.
             The game lasted 01:32:21 (6939 turns).

bughunter42 the Cleaver (Minotaur Berserker)        Turns: 6939, Time: 01:32:22

Health: 0/64       AC: 10    Str: 30    XL:     8   Next: 62%
Magic:  7/7        EV:  9    Int:  4    God:    Trog [***...]
Gold:   440        SH:  0    Dex: 10    Spells: 7/7 levels left

rFire   . . .      SeeInvis .    a - +1 hand axe
rCold   . . .      Faith    .    (no shield)
rNeg    . . .      Spirit   .    n - +1 chain mail
rPois   .          Reflect  .    (helmet restricted)
rElec   .          Harm     .    (no cloak)
rCorr   .          Rampage  .    x - +0 pair of gloves
Will    ++...                    (no boots)
Stlth   ..........               (no amulet)
HPRegen 1.20/turn                k - +6 ring of strength
MPRegen 0.10/turn                (no ring)

@: lethally poisoned (0 -> -9), strong-willed, on berserk cooldown,
regenerating, slowed, very slow
A: horns 2, retaliatory headbutt
a: Renounce Religion, Berserk, Trog's Hand


You were on level 6 of the Dungeon.
You worshipped Trog.
Trog was most pleased with you.
You visited 2 branches of the dungeon, and saw 8 of its levels.

You collected 440 gold pieces.

Inventory:

Hand Weapons
 a - a +1 hand axe (weapon)
 F - a +2 vorpal sling
Missiles
 h - 95 stones (quivered)
 l - 5 large rocks
Armour
 b - a +0 animal skin
 e - a +0 scale mail
 i - a +4 ring mail
 n - a +1 chain mail (worn)
 u - a +0 pair of gloves
 x - a +0 pair of gloves (worn)
 A - a +0 chain mail
Jewellery
 k - a +6 ring of strength (left hand)
 w - a +6 ring of intelligence
 B - a ring of willpower
 D - a +6 ring of intelligence
Wands
 t - a wand of flame (6)
Scrolls
 o - a scroll of poison
 q - 3 scrolls of teleportation
 v - a scroll of torment {unknown}
 y - 3 scrolls of noise
 E - a scroll of enchant weapon
Potions
 c - 5 potions of curing
 d - 3 potions of haste
 f - 2 potions of resistance
 g - a potion of magic {unknown}
 m - 5 potions of brilliance
 p - a potion of mutation {unknown}
 r - 2 potions of heal wounds
 s - 2 potions of cancellation
 z - a potion of flight {unknown}
 C - 2 potions of lignification
 G - a potion of berserk rage {unknown}


   Skills:
 - Level 3.6 Fighting
 + Level 13.3 Axes
 - Level 2.4 Armour
 - Level 2.1 Dodging


You had 7 spell levels left.
You didn't know any spells.
Your spell library contained the following spells:

 Spells                   Type           Power      Damage    Failure   Level
 Passage of Golubria      Tloc           0%         N/A       100%        4
 Silence                  Hex/Air        0%         N/A       100%        5
 Lehudib's Crystal Spear  Conj/Erth      0%         10d2      100%        8


Dungeon Overview and Level Annotations

Branches:
Dungeon (7/15)             Temple (1/1) D:4

Altars:
Ashenzari
Cheibriados
Dithmenos
Elyvilon
Gozag
Hepliaklqana
Kikubaaqudgha
Makhleb
Nemelex Xobeh
Okawaru
Qazlal
Ru
Sif Muna
Trog
Uskayaw
Vehumet
Wu Jian
Xom
Yredelemnul
Zin
The Shining One

Shops:
D:1 =

Annotations:
D:3 2 transporters


Innate Abilities, Weirdness & Mutations

You have a pair of horns on your head.
You reflexively headbutt those who attack you in melee.


Message History

You are exhausted.
You feel yourself slow down.
The gnoll sergeant hits you with a +5 spear of venom!
You are poisoned.
The gnoll sergeant hits you with a +5 spear of venom!
You are more poisoned.
You see here a water moccasin corpse.
The gnoll sergeant blocks your attack.
You feel very sick.
The gnoll sergeant hits you with a +5 spear of venom.
You hit the gnoll sergeant but do no damage.
The gnoll sergeant blocks your attack.
You feel very sick.
The gnoll sergeant hits you with a +5 spear of venom.
You are lethally poisoned!
Your skin crawls.
You feel strong-willed.
* * * LOW HITPOINT WARNING * * *
You feel extremely sick. The gnoll sergeant closely misses you.
You hit the gnoll sergeant.
Your headbutt misses the gnoll sergeant.
The gnoll sergeant is lightly wounded.
You feel very sick.
The gnoll sergeant hits you with a +5 spear of venom.
* * * LOW HITPOINT WARNING * * *
You are lethally poisoned!
You feel better.
The gnoll sergeant hits you with a +5 spear of venom!
* * * LOW HITPOINT WARNING * * *
You are poisoned.
The gnoll sergeant hits you with a +5 spear of venom.
* * * LOW HITPOINT WARNING * * *
You are lethally poisoned!
You barely miss the gnoll sergeant.
The gnoll sergeant is lightly wounded.
* * * LOW HITPOINT WARNING * * *
You feel very sick.
The gnoll sergeant hits you with a +5 spear of venom.
You die...

....##...##.##..#..#
..........
............##.###.##
....###...#
....##...####..#
#.†##### #####
....#######...##
##...####
...#####....###.
.###....#######
...†.....#### ..#..
####.......#
...#####....##
.Y.###....#####.#
...#
####...##g##...####
...# #..#@#..### ...#
#.#)#.## .<.# #.....#
...# ##...## ...#
#.).# #### #...#
##.## #.# #.#


You could see an ice beast and a gnoll sergeant.

Vanquished Creatures
  2 water moccasins
  An ice beast (D:5)
  A sky beast (D:6)
  An ogre (D:6)
  2 phantoms (D:6)
  Blork the orc (D:5)
  A kobold brigand (D:5)
  2 necrophages
  2 scorpions
  2 gnoll boudas
  2 hounds
  3 iguanas
  Terence (D:2)
  An orc wizard (D:5)
  Robin (D:2)
  12 gnolls
  7 adders
  A white imp (D:5)
  A worm (D:4)
  The ghost of anet the Covert, a weakling GnDe (D:4)
  2 dart slugs
  15 orcs
  5 ball pythons
  7 endoplasms
  3 giant cockroaches
  8 hobgoblins
  6 quokkas
  2 bats (D:2)
  2 frilled lizards
  18 goblins
  22 kobolds
  9 rats
144 creatures vanquished.

Vanquished Creatures (others)
  An orc wizard (D:5)
  64 plants (D:5)
65 creatures vanquished.

Grand Total: 209 creatures vanquished

Notes
Turn   | Place    | Note
-------+----------+-------------------------------------------
     0 | D:1      | bughunter42 the Minotaur Berserker began the quest for the
                  | Orb.
     0 | D:1      | Reached XP level 1. HP: 19/19 MP: 0/0
     0 | D:1      | Upgraded the game from 0.30-a0-121-gb27577e5d9 to
                  | 0.30-a0-122-g2a1322497e
   130 | D:1      | Reached skill level 4 in Axes
   213 | D:1      | Found Plog's Jewellery Emporium.
   407 | D:1      | Reached XP level 2. HP: 15/26 MP: 1/1
   834 | D:2      | Reached skill level 5 in Axes
   990 | D:2      | Reached XP level 3. HP: 31/31 MP: 2/2
  1056 | D:2      | Noticed Terence
  1064 | D:2      | Killed Terence
  1350 | D:2      | Noticed Robin
  1356 | D:2      | Reached ** piety under Trog
  1357 | D:2      | Reached skill level 6 in Axes
  1357 | D:2      | Reached XP level 4. HP: 24/39 MP: 3/3
  1369 | D:2      | Killed Robin
  1545 | D:2      | Found a faded altar of an unknown god.
  1930 | D:3      | Upgraded the game from 0.30-a0-122-g2a1322497e to
                  | 0.30-a0-134-gb40fab5c76
  2090 | D:3      | Found an ancient bone altar of Kikubaaqudgha.
  2348 | D:3      | Found a basalt altar of Yredelemnul.
  2351 | D:3      | Found a glowing silver altar of Zin.
  2386 | D:3      | Found a transporter.
  2418 | D:3      | Found a transporter.
  2801 | D:3      | Upgraded the game from 0.30-a0-134-gb40fab5c76 to
                  | 0.30-a0-162-g2ba88f6271
  2805 | D:4      | Found a staircase to the Ecumenical Temple.
  2806 | D:4      | Noticed a scorpion
  2810 | D:4      | Noticed a necrophage
  2816 | D:3      | Upgraded the game from 0.30-a0-162-g2ba88f6271 to
                  | 0.30-a0-166-g5d06c95188
  2850 | D:4      | Noticed anet's ghost (weakling GnDe)
  2852 | D:4      | Found a runed translucent door.
  2889 | D:4      | Killed a necrophage
  2890 | D:4      | Reached skill level 7 in Axes
  2890 | D:4      | Reached XP level 5. HP: 45/45 MP: 4/4
  3094 | D:4      | Found an opulent altar of Gozag.
  3096 | D:4      | Found a white marble altar of Elyvilon.
  3210 | D:4      | Reached skill level 8 in Axes
  3267 | D:4      | Reached XP level 6. HP: 44/51 MP: 5/5
  3533 | D:4      | Found an iron altar of Okawaru.
  3605 | D:4      | You fall into a shaft and drop 3 floors!
  3622 | D:5      | Entered Level 5 of the Dungeon
  3636 | D:5      | Noticed an ice beast
  3821 | D:6      | Noticed a sky beast
  3853 | D:5      | Reached skill level 9 in Axes
  4193 | D:5      | Reached XP level 7. HP: 52/57 MP: 6/6
  4230 | D:5      | Reached skill level 10 in Axes
  4917 | D:4      | Killed anet's ghost
  4981 | Temple   | Entered the Ecumenical Temple
  5291 | D:5      | Reached *** piety under Trog
  5582 | D:5      | Found a bloodstained altar of Trog.
  5909 | D:5      | Noticed Blork the orc
  5915 | D:5      | Reached skill level 11 in Axes
  5920 | D:5      | Killed Blork the orc
  5923 | D:5      | Reached XP level 8. HP: 64/64 MP: 7/7
  6495 | D:6      | Reached skill level 12 in Axes
  6687 | D:6      | Found a stormy altar of Qazlal.
  6929 | D:6      | Reached skill level 13 in Axes
  6939 | D:6      | HP: 3/64 [poisoned by a gnoll sergeant]
  6939 | D:6      | Slain by a gnoll sergeant

Illustrated notes

Levels and vault maps discovered:
D:1:      lemuel_arrival_funnel, layout_loops_ring, serial_shops,
          nicolae_shop_crystal
D:2:      layout_basic, ebering_ecumenical_altar_sacrificial, st_stairs_10,
          uniq_terence, uniq_robin
D:3:      gammafunk_wand_slinger, layout_basic,
          chequers_temple_overflow_statue_of_worship, lemuel_doored_altar,
          kennysheep_generic_room_6
D:4:      layout_loops_cross, okawaru_altar_gauntlet_db, jmf_multi_god_temple,
          minmay_temple_entry_junction_2, hellmonk_ghost_happy_afterlife
D:5:      kennysheep_kobold_camp, layout_loops_ring, lightli_temple_of_fire,
          uniq_blork_the_orc
D:6:      minmay_general_purpose_star, layout_basic, general_overflow_altar
D:7:      layout_rooms, serial_shops, shop,
          nicolae_ossuary_entry_false_entrances
Temple:   dshaligram_water_room_temple

Skill      XL: |  1  2  3  4  5  6  7  8 |
---------------+-------------------------+-----
Axes           | 4 5 6 7 8 9 11 13 | 13.3
Fighting       | |  3.6
Armour         | |  2.4
Dodging        | |  2.1

Action                   |  1- 3 |  4- 6 |  7- 9 || total
-------------------------+-------+-------+-------++-------
Melee: Hand axe          |    57 |   145 |   154 ||   356
       Headbutt          |    11 |    17 |    25 ||    53
       Punch             |       |     1 |     1 ||     2
Throw: Stone             |     3 |     1 |     5 ||     9
Invok: Berserk           |     2 |     4 |     3 ||     9
       Trog's Hand       |       |     2 |     2 ||     4
  Use: Scroll            |       |    11 |     4 ||    15
       Potion            |       |       |     1 ||     1
Armor: Animal skin       |     2 |       |       ||     2
       Scale mail        |     4 |       |       ||     4
       Chain mail        |    14 |    56 |    62 ||   132
Dodge: Dodged            |    22 |    55 |    42 ||   119

Table legend: (Time is in decaauts)
 A = Elapsed time spent in this place.
 B = Non-inter-level travel time spent in this place.
 C = Inter-level travel time spent in this place.
 D = Time resting spent in this place.
 E = Time spent auto-exploring this place.
 F = Levels seen in this place.
 G = Mean time per level.
                   A        B        C        D        E       F      G
               +--------+--------+--------+--------+--------+-----+--------+
         Total |   6972 |   6544 |    428 |   1678 |   3066 |   8 |  871.5 |
       Dungeon |   6876 |   6448 |    428 |   1678 |   3003 |   7 |  982.3 |
        Temple |     95 |     95 |      0 |      0 |     63 |   1 |   95.0 |
               +--------+--------+--------+--------+--------+-----+--------+

Top non-repeatable levels by time:
     D:5: 1907 daAuts
     D:4: 1286 daAuts
     D:2: 1168 daAuts
     D:3: 994 daAuts
     D:1: 824 daAuts
     D:6: 686 daAuts
  Temple: 95 daAuts
     D:7: 8 daAuts
